 Dungeon Crawl Stone Soup version 0.19-a0-1786-g230130f (webtiles) character file.

592 hairmachine the Conjurer (level 7, -6/41 HPs)
             Began as an Octopode Conjurer on Oct 1, 2016.
             Mangled by Grinder (10 damage)
             ... on level 4 of the Dungeon on Oct 3, 2016.
             The game lasted 00:21:58 (5632 turns).

hairmachine the Conjurer (Octopode Conjurer)        Turns: 5632, Time: 00:21:59

Health: -6/41      AC:  1    Str:  7    XL:     7   Next: 39%
Magic:  2/13       EV: 13    Int: 20    God:
Gold:   101        SH:  0    Dex: 12    Spells: 4 memorised, 5 levels left

rFire  + . .     SeeInvis .     u - +2 halberd (venom)
rCold  + . .     Gourm    .     (shield currently unavailable)
rNeg   . . .     Faith    .     (helmet restricted)
rPois  +         Spirit   .     (no amulet)
rElec  +         Dismiss  .     (no ring)
rCorr  +         Reflect  .     (no ring)
MR     .....     Harm     .     (no ring)
Stlth  +++.......               (no ring)
                                (no ring)
                                (no ring)
                                (no ring)
                                (no ring)

@: resistant
A: almost no armour, stealthy swim, amphibious, 8 rings, constrict 8, camouflage
1, gelatinous body 1
a: no special abilities


You were on level 4 of the Dungeon.
You were not hungry.

You visited 1 branch of the dungeon, and saw 4 of its levels.

You collected 299 gold pieces.
You spent 198 gold pieces at shops.

Inventory:

Hand Weapons
 u - a +2 halberd of venom (weapon)
Armour
 r - a +0 buckler
Jewellery
 i - an uncursed ring of poison resistance {unknown}
Wands
 o - a wand of slowing (15/48)
Scrolls
 c - a scroll of blinking {unknown}
 k - a scroll of remove curse
 l - 3 scrolls of teleportation
 q - 3 scrolls of identify
 v - a scroll of enchant armour {unknown}
Potions
 d - 2 potions of agility
 f - a potion of cure mutation
 g - 3 potions of haste
 j - 2 potions of lignification
 m - 2 potions of curing
 n - a potion of degeneration {unknown}
 s - 2 potions of heal wounds {unknown}
Books
 a - a book of Conjurations

   Spells                             Type                      Level
   a - Magic Dart                     Conjuration                  1
   b - Searing Ray                    Conjuration                  2
   c - Dazzling Spray                 Conjuration/Hexes            3
   d - Fulminant Prism                Conjuration/Hexes            4
   e - Iskenderun's Mystic Blast      Conjuration                  4
   f - Iskenderun's Battlesphere      Conjuration/Charms           5
Comestibles
 b - a bread ration
 h - 3 beef jerkies
 p - 5 fruits


   Skills:
 - Level 2.1 Dodging
 - Level 2.9 Stealth
 + Level 4.5 Spellcasting
 + Level 7.1 Conjurations
 - Level 1.5 Hexes


You had 5 spell levels left.
You knew the following spells:

 Your Spells              Type           Power        Failure   Level  Hunger
a - Magic Dart            Conj           ####         1%          1    None
b - Searing Ray           Conj           ####..       1%          2    #......
c - Dazzling Spray        Conj/Hex       ###...       10%         3    ##.....
d - Iskenderun's Mystic   Conj           ####....     10%         4    ####...


Dungeon Overview and Level Annotations

Branches:
Dungeon (4/15)
 Temple: D:4-7

Altars:
Elyvilon
Fedhas
Hepliaklqana
Makhleb
Qazlal
Xom

Shops:
D:4 ?

Annotations:
D:4 Grinder


Innate Abilities, Weirdness & Mutations

You cannot wear most types of armour.
You are very stealthy in the water.
You are amphibious.
You can wear up to eight rings at the same time.
You can use your tentacles to constrict eight enemies at once.
Your skin changes colour to match your surroundings (Stealth+).
Your rubbery body absorbs attacks. (AC +1, EV +1)


Message History

You reach to attack!
You closely miss Grinder.
Grinder is almost dead.
Grinder gestures at you.
You suddenly lose the ability to move!
Grinder gestures at you.
You shrug off the repeated paralysis!
Grinder hits you.
You writhe in agony.
Grinder hits you. Grinder hits you.
* * * LOW HITPOINT WARNING * * *
You writhe in agony.
* * * LOW HITPOINT WARNING * * *
You can move again.
Casting: Searing Ray
Confirm with . or Enter, or press ? or * to list all spells.
Aiming: Iskenderun's Mystic Blast
Press: ? - help, Shift-Dir - straight line, f/p - Grinder
Aim: Grinder (almost dead)
The orb of energy misses Grinder.
Grinder hits you!
You die...

#........#....
#........#....
#############.##########.
#........#..#'#
#........#.5.#
#........#...#
#........#...# ....
#......5.#...# ... ....
#......@.#...# ........
#.......###### ...###.
#.......##...######..##.
##......##............[.
####'#####..........^^^.
#...................^_^.
#...................^^..
#.......................
##...#####..###....##..#


You could see Grinder.

Vanquished Creatures
  Purgy (D:3)
  A scorpion (D:4)
  2 orc priests (D:3)
  2 orc wizards (D:3)
  A bullfrog skeleton (D:4)
  An iguana (D:4)
  2 worker ants (D:4)
  Robin (D:3)
  6 gnolls
  4 adders
  2 oozes
  3 worms (D:2)
  3 dart slugs
  2 leopard geckos
  10 orcs
  3 giant cockroaches
  15 goblins
  7 hobgoblins
  4 quokkas
  A ball python (D:2)
  8 bats
  5 frilled lizards
  A jackal skeleton (D:4)
  4 kobolds
  2 quokka skeletons (D:4)
  11 rats
102 creatures vanquished.

Notes
Turn   | Place    | Note
-------+----------+-------------------------------------------
     0 | D:1      | hairmachine the Octopode Conjurer began the quest for the Orb.
     0 | D:1      | Reached XP level 1. HP: 11/11 MP: 3/3
    16 | D:1      | Upgraded the game from 0.19-a0-1740-g0bcaf2e to 0.19-a0-1786-g230130f
   374 | D:1      | Reached XP level 2. HP: 14/17 MP: 1/5
   423 | D:1      | Learned a level 2 spell: Searing Ray
  1205 | D:1      | Reached XP level 3. HP: 21/21 MP: 4/6
  1534 | D:2      | Reached skill level 5 in Conjurations
  1657 | D:2      | Learned a level 3 spell: Dazzling Spray
  1743 | D:2      | Reached XP level 4. HP: 21/27 MP: 2/7
  1952 | D:2      | Reached skill level 1 in Hexes
  2396 | D:3      | Found a burning altar of Makhleb.
  2462 | D:3      | Noticed Purgy
  2738 | D:3      | Found a white marble altar of Elyvilon.
  2861 | D:4      | Reached XP level 5. HP: 28/31 MP: 3/8
  3005 | D:4      | Found a shimmering altar of Xom.
  3019 | D:4      | Found Yllex's Magic Scroll Boutique.
  3085 | D:4      | Bought a scroll of identify for 22 gold pieces
  3085 | D:4      | Bought a scroll of teleportation for 33 gold pieces
  3085 | D:4      | Bought a scroll of identify for 22 gold pieces
  3085 | D:4      | Bought a scroll of teleportation for 33 gold pieces
  3085 | D:4      | Bought a scroll of identify for 22 gold pieces
  3085 | D:4      | Bought a scroll of teleportation for 33 gold pieces
  3085 | D:4      | Bought a scroll of remove curse for 33 gold pieces
  3333 | D:4      | Noticed Grinder
  3333 | D:4      | Paralysed by Grinder for 3 turns
  3339 | D:4      | Paralysed by Grinder for 3 turns
  3488 | D:4      | Reached skill level 6 in Conjurations
  3488 | D:4      | Reached XP level 6. HP: 36/36 MP: 1/10
  3564 | D:3      | Killed Purgy
  3881 | D:3      | Noticed Robin
  4008 | D:3      | Found a stormy altar of Qazlal.
  4021 | D:3      | Found a blossoming altar of Fedhas.
  4144 | D:3      | Learned a level 4 spell: Iskenderun's Mystic Blast
  4217 | D:3      | Found a hazy altar of Hepliaklqana.
  4549 | D:3      | Reached XP level 7. HP: 41/41 MP: 7/13
  4776 | D:3      | Found a shimmering altar of Xom.
  4898 | D:3      | Killed Robin
  4898 | D:3      | Reached skill level 7 in Conjurations
  5624 | D:4      | Paralysed by Grinder for 2 turns
  5627 | D:4      | Paralysed by Grinder for 5 turns
  5632 | D:4      | Mangled by Grinder

Vault maps used:
D:1:      dpeg_arrival_rhombus
D:2:      hangedman_decor_points
D:3:      lemuel_round_altar, marbit_many_paths,
          nicolae_overflow_quartered_altars, uniq_purgy, uniq_robin
D:4:      serial_shops, nicolae_shop_waterfront, xom_teletrap_fun, uniq_grinder

Skill      XL: |  1  2  3  4  5  6  7 |
---------------+----------------------+-----
Conjurations   | 5 6 7 |  7.1
Hexes          | 1 |  1.5
Spellcasting   | 3 4 |  4.5
Dodging        | |  2.1
Stealth        | |  2.9

Action                   |  1- 3 |  4- 6 |  7- 9 || total
-------------------------+-------+-------+-------++-------
Melee: Unarmed           |     1 |     4 |       ||     5
       Constrict         |     1 |     1 |     1 ||     3
       Tentacles         |     1 |       |       ||     1
       Halberd           |       |     2 |     6 ||     8
 Cast: Magic Dart        |    53 |    77 |    22 ||   152
       Searing Ray       |     5 |    22 |    10 ||    37
       Iskenderun's Myst |       |       |     2 ||     2
       Dazzling Spray    |       |       |     1 ||     1
  Use: Scroll            |       |     8 |       ||     8
       Potion            |       |       |     1 ||     1
  Eat: Chunk             |     3 |    10 |     4 ||    17
Armor: Skin              |       |     3 |       ||     3
Dodge: Dodged            |     3 |    18 |     7 ||    28
